 Dungeon Crawl Stone Soup version 0.29-a0-334-gb41bcbb86e (webtiles) character file.

Game seed: 6886703233929866794

361 DarkMailMan the Covered (level 6, -4/39 HPs)
             Began as a Gargoyle Fighter on Apr 16, 2022.
             Slain by a gnoll sergeant
             ... wielding a +0 trident
              (6 damage)
             ... on level 6 of the Dungeon.
             The game lasted 00:07:26 (5070 turns).

DarkMailMan the Covered (Gargoyle Fighter)          Turns: 5070, Time: 00:07:27

Health: -4/39      AC: 16    Str: 21    XL:     6   Next: 66%
Magic:  6/6        EV:  9    Int:  9    God:
Gold:   261        SH:  4    Dex:  9    Spells: 5/5 levels left

rFire   . . .      SeeInvis .   a - +1 flail
rCold   . . .      Faith    .   c - +0 buckler
rNeg    + . .      Spirit   .   b - +1 scale mail
rPois   ∞          Reflect  .   (no helmet)
rElec   +          Harm     .   i - +1 cloak
rCorr   .          Rampage  .   k - +0 pair of gloves
Will    .....                   (no boots)
Stlth   ..........              o - amulet of magic regeneration
HPRegen 0.13/turn               (no ring)
MPRegen 0.50/turn               (no ring)

@: no status effects
A: sickness immunity, AC +4, negative energy resistance 1, electricity
resistance, torment resistance 1, petrification resistance
a: no special abilities


You were on level 6 of the Dungeon.
You visited 1 branch of the dungeon, and saw 5 of its levels.
You also visited: Sewer.

You collected 261 gold pieces.

Inventory:

Hand Weapons
 a - a +1 flail (weapon)
Armour
 b - a +1 scale mail (worn)
 c - a +0 buckler (worn)
 i - a +1 cloak (worn)
 k - a +0 pair of gloves (worn)
Jewellery
 o - an amulet of magic regeneration (around neck)
Scrolls
 f - a scroll of identify
 s - 2 scrolls of blinking
Potions
 d - a potion of might
 e - 2 potions of degeneration
 g - a potion of heal wounds
 h - a potion of brilliance
 m - 2 potions of curing
 p - 2 potions of berserk rage
 q - a potion of mutation {unknown}
 t - a potion of flight {unknown}
 u - a potion of attraction {unknown}


   Skills:
 + Level 4.5 Fighting
 + Level 3.9 Maces & Flails
 + Level 4.8 Armour
 + Level 1.5 Dodging
 + Level 0.2 Stealth
 + Level 4.3 Shields


You had 5 spell levels left.
You didn't know any spells.
Your spell library contained the following spells:

 Spells                   Type           Power      Damage    Failure   Level
 Beastly Appendage        Tmut           0%         N/A       80%         1
 Summon Small Mammal      Summ           0%         N/A       80%         1
 Wereblood                Tmut           0%         N/A       91%         2
 Call Canine Familiar     Summ           0%         N/A       99%         3
 Spider Form              Tmut/Pois      0%         N/A       99%         3
 Summon Guardian Golem    Hex/Summ       0%         N/A       99%         3
 Malign Gateway           Summ/Tloc      0%         N/A       100%        7
 Summon Hydra             Summ           0%         N/A       100%        7
 Summon Horrible Things   Summ           0%         N/A       100%        8
 Sublimation of Blood     Necr           Unusable   N/A       N/A         2

Dungeon Overview and Level Annotations

Branches:
Dungeon (4/15)              Sewer (visited)
 Temple: D:4-7

Altars:
Gozag


Innate Abilities, Weirdness & Mutations

You are immune to sickness and miasma.
Your stone body is resilient. (AC +4)
You are immune to poison.
You resist negative energy. (rN+)
You are resistant to electric shocks. (rElec)
You are resistant to unholy torment.
You are immune to petrification.


Message History

You are too injured to fight recklessly!
You are too injured to fight recklessly!
Sorry, you're not good enough to have a special ability.
You don't know any spells.
You sock the gnoll!
The gnoll is severely wounded.
The gnoll hits you with a +0 flail. The gnoll hits you but does no damage.
You barely miss the gnoll.
The gnoll is severely wounded.
The gnoll hits you but does no damage. x2
You closely miss the gnoll.
The gnoll is severely wounded.
The gnoll hits you but does no damage. You block the gnoll's attack. x2
You sock the gnoll sergeant!
The gnoll sergeant is moderately wounded.
The gnoll hits you but does no damage.
The gnoll sergeant hits you with a +0 trident.
You hit the gnoll sergeant.
The gnoll sergeant is heavily wounded.
The gnoll hits you but does no damage. The gnoll sergeant barely misses you.
You hit the gnoll sergeant but do no damage.
The gnoll sergeant is heavily wounded.
You block the gnoll's attack. The gnoll hits you but does no damage.
The gnoll sergeant hits you with a +0 trident.
You sock the gnoll!
You kill the gnoll!
The gnoll hits you but does no damage. The gnoll sergeant closely misses you.
You completely miss the gnoll sergeant.
The gnoll sergeant is moderately wounded.
The gnoll hits you but does no damage. The gnoll sergeant barely misses you.
You barely miss the gnoll sergeant.
The gnoll sergeant is moderately wounded.
The gnoll closely misses you.
The gnoll sergeant hits you with a +0 trident!
* * * LOW HITPOINT WARNING * * *
You sock the gnoll sergeant!
The gnoll sergeant is severely wounded.
The gnoll barely misses you.
The gnoll sergeant hits you with a +0 trident.
You die...

#... ##### ##
####...####... .# #
............####.##.#
.........).........
.............#...#
#.[.....##..#...#
#.#...#.##......#
#.......###.#.#.#
#.#...#.# #.#@#
#.......# #..g)g.?.#
#.##.##.# ##.##.##.#
#. #.##.####.# .#
###.##.#.......# .
#.........###..# ##
.#.####.#.#.......
.#.#........##[.
.....##.#.###


You could see a gnoll sergeant and a gnoll.

Vanquished Creatures
  A bullfrog (Sewer)
  Jessica (D:3)
  7 gnolls
  9 adders
  A worm (D:2)
  3 dart slugs
  8 orcs
  6 bats
  6 endoplasms
  12 giant cockroaches
  7 goblins
  5 hobgoblins
  6 kobolds
  10 quokkas
  10 ball pythons
  9 frilled lizards
  2 rats (D:2)
103 creatures vanquished.

Notes
Turn   | Place    | Note
-------+----------+-------------------------------------------
     0 | D:1      | DarkMailMan the Gargoyle Fighter began the quest for the
                  | Orb.
     0 | D:1      | Reached XP level 1. HP: 14/14 MP: 1/1
   155 | D:1      | Reached XP level 2. HP: 19/19 MP: 2/2
   644 | D:1      | Reached XP level 3. HP: 9/24 MP: 3/3
  1463 | D:2      | Reached XP level 4. HP: 29/29 MP: 4/4
  1477 | D:2      | Found a faded altar of an unknown god.
  2656 | D:3      | Reached XP level 5. HP: 32/33 MP: 5/5
  2829 | D:3      | Found an opulent altar of Gozag.
  2945 | D:3      | Noticed Jessica
  2952 | D:3      | Killed Jessica
  3028 | D:3      | Found a glowing drain.
  3058 | Sewer    | Entered a sewer
  3806 | Sewer    | Reached skill level 1 in Dodging
  3806 | Sewer    | Reached XP level 6. HP: 17/39 MP: 6/6
  4980 | D:4      | You fall into a shaft and drop 2 floors!
  5070 | D:6      | Slain by a gnoll sergeant

Illustrated notes

Levels and vault maps discovered:
D:1:      nagdon_arrival_double_spiral, layout_loops_ring
D:2:      layout_basic, ebering_ecumenical_altar_sacrificial, minivault_19,
          minmay_pentomino_v4
D:3:      layout_basic, mainiacjoe_overflow_cross_hatched, portal_sewer_entry_d,
          serial_co_window_serial, co_window_paths_a,
          co_window_of_opportunity_a, co_window_corner_a, co_window_paths_a,
          co_window_corner_a, co_window_corner_b, co_window_broadway_b,
          co_window_corner_ca, co_window_of_opportunity_b, co_window_cross_3,
          co_window_corner_b, co_window_paths_d, glass_columns_c,
          glass_columns_c, glass_columns_b, kennysheep_small_spiral,
          minmay_fountain_box, uniq_jessica
D:4:      layout_basic, nicolae_ru_the_path_less_chosen,
          minmay_temple_entry_junction, uniq_eustachio
D:6:      layout_loops_cross, nrook_mini_vaults, chequers_serial_rivers_micro_a,
          uniq_sigmund, uniq_edmund

Skill      XL: |  1  2  3  4  5 |
---------------+----------------+-----
Fighting       | 4 |  4.5
Armour         | 4 |  4.8
Shields        | 4 |  4.3
Maces & Flails | 3 |  3.9
Dodging        | 1 |  1.5
Stealth        | |  0.2

Action                   |  1- 3 |  4- 6 || total
-------------------------+-------+-------++-------
Melee: Flail             |    99 |   372 ||   471
  Use: Scroll            |       |    10 ||    10
Armor: Scale mail        |    78 |   328 ||   406
Dodge: Dodged            |    67 |   265 ||   332
Block: Buckler           |    17 |   124 ||   141

Table legend: (Time is in decaauts)
 A = Elapsed time spent in this place.
 B = Non-inter-level travel time spent in this place.
 C = Inter-level travel time spent in this place.
 D = Time resting spent in this place.
 E = Time spent auto-exploring this place.
 F = Levels seen in this place.
 G = Mean time per level.
                   A        B        C        D        E       F      G
               +--------+--------+--------+--------+--------+-----+--------+
         Total |   5354 |   4872 |    482 |    451 |   3152 |   6 |  892.3 |
       Dungeon |   4449 |   3967 |    482 |      0 |   3152 |   5 |  889.8 |
         Sewer |    905 |    905 |      0 |    451 |      0 |   1 |  905.0 |
               +--------+--------+--------+--------+--------+-----+--------+

Top non-repeatable levels by time:
     D:2: 1450 daAuts
     D:3: 1447 daAuts
     D:1: 1282 daAuts
   Sewer: 905 daAuts
     D:4: 174 daAuts
     D:6: 94 daAuts
